 Dungeon Crawl Stone Soup version 0.22-a0-558-gc224181 (webtiles) character file.

28 glosham the Skirmisher (level 2, -13/24 HPs)
             Began as a Mummy Abyssal Knight on June 26, 2018.
             Was a Follower of Lugonu.
             Mangled by an ancient lich (14 damage)
             ... on level 1 of the Abyss.
             The game lasted 00:02:49 (83 turns).

glosham the Skirmisher (Mummy Abyssal Knight)         Turns: 83, Time: 00:02:50

Health: -13/24     AC:  3    Str: 15    XL:     2   Next: 96%
Magic:  3/3        EV: 11    Int: 11    God:    Lugonu [*.....]
Gold:   0          SH:  0    Dex: 11    Spells: 1/1 levels left

rFire    x . .     SeeInvis .   a - +1 hand axe
rCold    + . .     Gourm    .   (no shield)
rNeg     + + +     Faith    .   b - +0 leather armour
rPois    ∞         Spirit   .   (no helmet)
rElec    .         Reflect  .   (no cloak)
rCorr    .         Harm     .   (no gloves)
MR       .....                  (no boots)
Stlth    ++........             (no amulet)
HPRegen  0.08/turn              (no ring)
MPRegen  0.08/turn              (no ring)

@: no status effects
A: no food or potions, fire vulnerability, cold resistance 1, negative energy
resistance 3, torment resistance, unbreathing
a: Depart the Abyss, Renounce Religion


You were on level 1 of the Abyss.
You worshipped Lugonu.
Lugonu was aware of your devotion.
You were not hungry.

You visited 0 branches of the dungeon, and saw 0 of its levels.
You visited the Abyss 1 time.

Inventory:

Hand Weapons
 a - a +1 hand axe (weapon)
Armour
 b - a +0 leather armour (worn)


   Skills:
 - Level 3.0 Fighting
 - Level 1.5 Axes
 - Level 1.5 Armour
 - Level 0.7 Dodging
 * Level 2.4 Stealth
 - Level 1.5 Invocations


You had one spell level left.
You didn't know any spells.
Your spell library was empty.

Dungeon Overview and Level Annotations

Branches:
Dungeon (0/15)

Altars:


Innate Abilities, Weirdness & Mutations

You do not eat or drink.
Your flesh is vulnerable to fire.
You are immune to poison.
Your flesh is cold resistant. (rC+)
You are immune to negative energy. (rN+++)
You are immune to unholy pain and torment.
You can survive without breathing.


Message History

Found a corrupted altar of Lugonu.
Found a gateway leading out of the Abyss.
Found a spear.
A large abomination comes into view.
A jelly comes into view.
The jelly quivers.
The jelly barely misses you.
The ancient lich shouts!
The ancient lich gestures wildly while chanting.
The ancient lich seems to speed up.
A tentacled starspawn comes into view.
A starcursed mass comes into view.
You slash the jelly!
Your hands burn!
The jelly is heavily wounded.
The jelly hits you but does no damage.
You hit the jelly.
Your hands burn!
The jelly is severely wounded.
The jelly misses you.
Tentacles burst from the starspawn's body! 2 starspawn tentacles come into view.
You slash the jelly!
You kill the jelly!
Your Stealth skill gained 2 levels and is now at level 2!
You have reached level 2!
The substance of the Abyss twists violently, and a gateway leading out appears!
The ancient lich gestures at you while chanting.
You barely resist.
You hit the ancient lich but do no damage.
The ancient lich touches you!
Ouch! That really hurt!
* * * LOW HITPOINT WARNING * * *
The ancient lich closely misses you.
You barely miss the ancient lich.
A tentacle flies out from the starspawn's body!
The ancient lich touches you.
* * * LOW HITPOINT WARNING * * *
A starspawn tentacle comes into view.
You hit the ancient lich but do no damage.
The ancient lich touches you!
Ouch! That really hurt!
You die...

###...
..... .#
§#.#.#...#.
#.# . #.
..#.
.###...# .
## ...#. L§
#.. #.#...
#..## ...#
... #...
.#.#. ..
§.#.# .#.
.. #.#. #
...####
#..#
#.#..##@#
## #
#.###.#L##
# ## ..
#.wX#.§# .
#..
##w.###.X.
#. . ..##.
.# . #. ..
.## ## # #
...#. #. .


You could see an ancient lich, a tentacled starspawn and 2 starspawn tentacles.

Vanquished Creatures
  A jelly (Abyss:1)
1 creature vanquished.

Vanquished Creatures (others)
  A starspawn tentacle (Abyss:1)
1 creature vanquished.

Grand Total: 2 creatures vanquished

Notes
Turn   | Place    | Note
-------+----------+-------------------------------------------
     0 | Abyss:1  | glosham the Mummy Abyssal Knight began the quest for the Orb.
     0 | Abyss:1  | Reached XP level 1. HP: 18/18 MP: 2/2
    29 | Abyss:1  | Noticed a large abomination
    30 | Abyss:1  | Noticed a jelly
    73 | Abyss:1  | Noticed an ancient lich
    76 | Abyss:1  | Noticed a tentacled starspawn
    76 | Abyss:1  | Noticed a starcursed mass
    80 | Abyss:1  | Killed a jelly
    80 | Abyss:1  | Reached skill level 2 in Stealth
    80 | Abyss:1  | Reached XP level 2. HP: 17/24 MP: 3/3
    82 | Abyss:1  | HP: 1/24 [ancient lich (3)]
    83 | Abyss:1  | Mangled by an ancient lich

Vault maps used:
Abyss:1:  evilmike_abyss_exit_glass

Skill      XL: |  1 |
---------------+----+-----
Stealth        | 2 |  2.4
Fighting       | |  3.0
Axes           | |  1.5
Armour         | |  1.5
Dodging        | |  0.7
Invocations    | |  1.5

Action                   || total
-------------------------++-------
Melee: Hand axe          ||     6
Armor: Leather armour    ||     1
Dodge: Dodged            ||     3

Table legend:
 A = Spawn XP
 B = Non-spawn XP
 C = Spawn XP percentage of total XP
 D = Spawn monster count
 E = Non-spawn monster count
 F = Spawn count percentage of total count
 G = Total turns spent on level
                    A         B        C        D         E        F      G
               +---------+---------+-------+---------+---------+-------+---------
         Total |       0 |      40 |   0.0 |       0 |       1 |   0.0 |    83
               +---------+---------+-------+---------+---------+-------+---------
       Abyss:1 |       0 |      40 |   0.0 |       0 |       1 |   0.0 |    83
               +---------+---------+-------+---------+---------+-------+---------

Table legend:
 A = Turns spent in this place as a percentage of turns spent in the entire game.
 B = Non-inter-level travel turns spent in this place as a percentage of non-inter-level travel turns spent in the entire game.
 C = Inter-level travel turns spent in this place as a percentage of turns spent in this place.
 D = Turns resting spent in this place as a percentage of non-inter-level travel turns spent in this place.
 E = Turns spent auto-exploring this place as a percentage of non-inter-level travel turns spent in this place.
 F = Non-inter-level travel turns spent in this place divided by the number of levels of this place that you've seen.
                   A       B       C       D       E      F
               +-------+-------+-------+-------+-------+----------------------
         Total | 100.0 | 100.0 |   0.0 |   0.0 |   0.0 |  83.0
         Abyss | 100.0 | 100.0 |   0.0 |   0.0 |   0.0 |  83.0
               +-------+-------+-------+-------+-------+----------------------

Table legend:
 A = Kills in this place as a percentage of kills in entire the game.
 B = Kills by you in this place as a percentage of kills by you in the entire game.
 C = Kills by friends in this place as a percentage of kills by friends in the entire game.
 D = Other kills in this place as a percentage of other kills in the entire game.
 E = Experience gained in this place as a percentage of experience gained in the entire game.
 F = Experience gained in this place divided by the number of levels of this place that you have seen.
                   A       B       C       D       E      F
               +-------+-------+-------+-------+-------+----------------------
         Total | 100.0 | 100.0 |   N/A |   N/A | 100.0 |  40.0
         Abyss | 100.0 | 100.0 |   N/A |   N/A | 100.0 |  40.0
               +-------+-------+-------+-------+-------+----------------------

Vault maps used:
Abyss:1:  evilmike_abyss_exit_glass
